[ AOE2 MATCH · #505210367 ]
UnrankedEthiopians vs Persians
Player's team · WIN
Rival team · LOSS
[ REPLAY ANALYSIS · EXTRACTED FROM THE RECORDED GAME ]
Feudal
10:09
Castle
19:34
Imperial
—
| APM avg | 75.4 |
| APM peak | 113 |
| eAPM avg | 42.1 |
| Villagers / military | 165 / 73 |
Focus
⚔️ 50.7% · 🌾 49.3%
Shotel Warrior ×23 · Spearman ×12 · Militia ×10 · Battering Ram ×10 · Mangonel ×9 · Fishing Ship ×9
Feudal
11:54
Castle
16:46
Imperial
—
| APM avg | 62.5 |
| APM peak | 88 |
| eAPM avg | 35.0 |
| Villagers / military | 120 / 52 |
Focus
⚔️ 36.8% · 🌾 63.2%
Knight ×36 · Fishing Ship ×31 · Mangonel ×9 · Monk ×5 · Unknown (2626) ×3 · Scorpion ×1
Match map
Initial resources + every placement click. Lines = walls · curves = elevation contours. ◆ gold · ⬟ stone · ● berries · ✦ relic · ◌ wall gap
Your base· ✓ Closed at 19:34 · 36t walls · no gate
RoR | Benanji's base· Open — opponent sealed themselves in
Smoothed initial terrain · ◌ = detected wall gap · hover for details
Inputs per minute
— TAG_Sitaux - - RoR | Benanji
Build order — TAG_Sitaux
First 150 of 448 actions detected
| 0:00 | Create | Villager (Male) |
| 0:00 | Create | Villager (Male) |
| 0:01 | Build | House |
| 0:02 | Build | House |
| 0:08 | Create | Villager (Male) |
| 0:11 | Create | Villager (Male) |
| 0:11 | Create | Villager (Male) |
| 1:33 | Create | Villager (Male) |
| 1:39 | Create | Villager (Male) |
| 1:59 | Build | Lumber Camp |
| 2:04 | Create | Villager (Male) |
| 2:45 | Create | Villager (Male) |
| 3:14 | Create | Villager (Male) |
| 3:40 | Create | Villager (Male) |
| 3:40 | Create | Villager (Male) |
| 3:46 | Build | Dock |
| 4:07 | Build | House |
| 4:11 | Create | Villager (Male) |
| 4:22 | Create | Fishing Ship |
| 4:35 | Build | House |
| 4:39 | Create | Villager (Male) |
| 5:01 | Create | Villager (Male) |
| 5:13 | Create | Fishing Ship |
| 5:17 | Create | Villager (Male) |
| 5:45 | Create | Villager (Male) |
| 5:49 | Create | Fishing Ship |
| 5:58 | Create | Villager (Male) |
| 5:58 | Create | Villager (Male) |
| 6:40 | Create | Villager (Male) |
| 6:48 | Build | Barracks |
| 7:01 | Build | House |
| 7:06 | Create | Villager (Male) |
| 7:26 | Create | Villager (Male) |
| 7:37 | Create | Fishing Ship |
| 7:56 | Research | Feudal Age |
| 7:56 | Research | Feudal Age |
| 8:16 | Create | Militia |
| 8:17 | Create | Militia |
| 8:20 | Build | Mining Camp |
| 8:39 | Create | Militia |
| 8:42 | Build | House |
| 8:56 | Create | Militia |
| 8:56 | Create | Militia |
| 9:07 | Create | Militia |
| 9:07 | Create | Militia |
| 9:24 | Create | Militia |
| 9:29 | Build | House |
| 10:09 | Age | Feudal Age |
| 10:11 | Create | Villager (Male) |
| 10:14 | Research | Man-at-Arms (upgrade) |
| 10:20 | Research | Double-Bit Axe |
| 10:20 | Research | Double-Bit Axe |
| 10:22 | Build | Archery Range |
| 10:31 | Research | Loom |
| 10:31 | Research | Loom |
| 10:39 | Build | Dock |
| 10:48 | Create | Villager (Male) |
| 10:54 | Research | Arson |
| 10:56 | Create | Villager (Male) |
| 11:13 | Create | Villager (Male) |
| 11:14 | Create | Archer |
| 11:26 | Create | Archer |
| 11:40 | Create | Villager (Male) |
| 11:42 | Create | Fishing Ship |
| 11:43 | Build | Palisade Wall |
| 11:44 | Build | Palisade Wall |
| 11:45 | Build | Palisade Wall |
| 11:45 | Build | Palisade Wall |
| 11:54 | Create | Archer |
| 11:55 | Create | Villager (Male) |
| 11:57 | Build | House |
| 11:58 | Build | House |
| 12:27 | Create | Villager (Male) |
| 12:31 | Build | Dock |
| 12:33 | Create | Fishing Ship |
| 12:42 | Create | Villager (Male) |
| 12:45 | Build | Blacksmith |
| 12:52 | Build | Mill |
| 12:55 | Create | Archer |
| 12:58 | Create | Fishing Ship |
| 13:04 | Create | Villager (Male) |
| 13:07 | Build | House |
| 13:07 | Build | Palisade Wall |
| 13:16 | Create | Fishing Ship |
| 13:27 | Create | Spearman |
| 13:28 | Create | Villager (Male) |
| 13:42 | Research | Fletching |
| 13:43 | Research | Fletching |
| 13:48 | Create | Fishing Ship |
| 13:58 | Create | Villager (Male) |
| 14:07 | Create | Unit 2626 |
| 14:17 | Build | House |
| 14:18 | Build | Palisade Wall |
| 14:21 | Build | Palisade Wall |
| 14:22 | Build | Palisade Wall |
| 14:23 | Create | Villager (Male) |
| 14:25 | Build | Palisade Wall |
| 14:29 | Build | Palisade Wall |
| 14:37 | Build | Farm |
| 14:41 | Create | Villager (Male) |
| 14:42 | Build | Farm |
| 15:03 | Create | Villager (Male) |
| 15:09 | Build | Farm |
| 15:39 | Create | Villager (Male) |
| 15:40 | Build | Lumber Camp |
| 15:51 | Build | Farm |
| 15:51 | Build | Farm |
| 16:22 | Build | Lumber Camp |
| 16:24 | Create | Villager (Male) |
| 16:25 | Create | Archer |
| 16:54 | Research | Castle Age |
| 16:54 | Research | Castle Age |
| 17:15 | Create | Archer |
| 17:18 | Build | House |
| 17:20 | Research | Gold Mining |
| 17:20 | Research | Gold Mining |
| 17:48 | Create | Militia |
| 17:50 | Create | Militia |
| 18:00 | Build | Lumber Camp |
| 18:06 | Research | Scale Mail Armor |
| 18:06 | Research | Scale Mail Armor |
| 18:10 | Build | House |
| 18:11 | Build | House |
| 19:34 | Age | Castle Age |
| 19:36 | Research | Crossbowman (upgrade) |
| 19:37 | Research | Bodkin Arrow |
| 19:37 | Research | Long Swordsman (upgrade) |
| 19:39 | Build | Siege Workshop |
| 19:41 | Build | Siege Workshop |
| 19:42 | Create | Villager (Male) |
| 19:43 | Build | Town Center |
| 19:45 | Build | Town Center |
| 19:47 | Research | Bow Saw |
| 19:47 | Research | Bow Saw |
| 19:48 | Research | Horse Collar |
| 19:48 | Research | Horse Collar |
| 20:03 | Create | Villager (Male) |
| 20:22 | Create | Villager (Male) |
| 20:24 | Create | Mangonel |
| 20:25 | Build | House |
| 20:28 | Research | Town Watch |
| 20:37 | Build | Outpost |
| 20:39 | Create | Villager (Male) |
| 21:00 | Create | Mangonel |
| 21:01 | Create | Villager (Male) |
| 21:03 | Build | Farm |
| 21:05 | Build | Farm |
| 21:12 | Create | Villager (Male) |
| 21:22 | Create | Villager (Male) |
| 21:23 | Create | Villager (Male) |
Build order — RoR | Benanji
First 150 of 334 actions detected
| 0:00 | Create | Villager (Male) |
| 0:00 | Create | Villager (Male) |
| 0:01 | Build | House |
| 0:02 | Build | House |
| 0:02 | Create | Villager (Male) |
| 0:03 | Create | Villager (Male) |
| 0:09 | Create | Villager (Male) |
| 0:28 | Build | Lumber Camp |
| 1:33 | Create | Villager (Male) |
| 2:15 | Create | Villager (Male) |
| 2:18 | Build | Dock |
| 2:30 | Create | Villager (Male) |
| 2:30 | Create | Villager (Male) |
| 3:05 | Build | House |
| 3:06 | Build | House |
| 3:10 | Create | Villager (Male) |
| 3:30 | Create | Villager (Male) |
| 3:43 | Create | Fishing Ship |
| 3:59 | Create | Villager (Male) |
| 4:18 | Create | Villager (Male) |
| 4:23 | Create | Fishing Ship |
| 4:46 | Create | Villager (Male) |
| 4:58 | Create | Villager (Male) |
| 5:18 | Create | Fishing Ship |
| 5:30 | Build | Lumber Camp |
| 5:34 | Create | Villager (Male) |
| 5:53 | Create | Villager (Male) |
| 5:54 | Create | Fishing Ship |
| 6:20 | Create | Villager (Male) |
| 6:30 | Build | House |
| 6:34 | Build | House |
| 6:34 | Build | House |
| 6:35 | Build | House |
| 6:41 | Create | Villager (Male) |
| 7:07 | Create | Villager (Male) |
| 7:09 | Create | Villager (Male) |
| 7:33 | Build | Dock |
| 7:34 | Build | Palisade Wall |
| 7:35 | Build | Palisade Wall |
| 7:55 | Build | Mill |
| 7:56 | Create | Villager (Male) |
| 7:59 | Build | House |
| 8:00 | Build | Palisade Wall |
| 8:16 | Create | Fishing Ship |
| 8:27 | Create | Villager (Male) |
| 8:32 | Create | Villager (Male) |
| 8:45 | Create | Fishing Ship |
| 8:46 | Create | Villager (Male) |
| 9:04 | Research | Loom |
| 9:09 | Build | Palisade Wall |
| 9:10 | Build | Palisade Wall |
| 9:20 | Create | Fishing Ship |
| 9:31 | Create | Fishing Ship |
| 9:41 | Build | House |
| 9:49 | Research | Feudal Age |
| 9:53 | Build | Mining Camp |
| 9:58 | Build | House |
| 10:32 | Build | Palisade Wall |
| 10:33 | Build | Palisade Wall |
| 10:35 | Build | Palisade Wall |
| 10:37 | Build | Palisade Wall |
| 10:40 | Build | Palisade Wall |
| 10:43 | Build | Palisade Wall |
| 10:44 | Build | Palisade Wall |
| 10:44 | Build | Palisade Wall |
| 10:51 | Create | Fishing Ship |
| 11:08 | Build | Palisade Wall |
| 11:09 | Build | Palisade Wall |
| 11:43 | Create | Fishing Ship |
| 11:47 | Build | Palisade Wall |
| 11:54 | Age | Feudal Age |
| 11:58 | Build | Market |
| 12:03 | Build | Blacksmith |
| 12:30 | Create | Villager (Male) |
| 13:12 | Build | Stone Wall |
| 13:13 | Build | Stone Wall |
| 13:18 | Build | Stone Wall |
| 13:19 | Create | Villager (Male) |
| 13:23 | Build | Mining Camp |
| 13:46 | Create | Villager (Male) |
| 13:59 | Research | Tech 906 |
| 13:59 | Research | Tech 906 |
| 14:14 | Build | House |
| 14:18 | Create | Villager (Male) |
| 14:20 | Research | Castle Age |
| 14:21 | Research | Double-Bit Axe |
| 14:32 | Build | House |
| 14:33 | Build | House |
| 14:36 | Create | Fishing Ship |
| 14:38 | Build | Fish Trap |
| 14:41 | Build | Fish Trap |
| 14:44 | Build | Fish Trap |
| 14:45 | Create | Fishing Ship |
| 15:20 | Create | Villager (Male) |
| 16:28 | Build | Watch Tower |
| 16:41 | Create | Villager (Male) |
| 16:46 | Age | Castle Age |
| 16:46 | Build | Fish Trap |
| 16:47 | Create | Fishing Ship |
| 16:52 | Build | Town Center |
| 17:03 | Create | Villager (Male) |
| 17:21 | Build | Town Center |
| 17:25 | Create | Villager (Male) |
| 17:30 | Create | Villager (Male) |
| 17:46 | Create | Villager (Male) |
| 17:46 | Create | Villager (Male) |
| 17:47 | Create | Villager (Male) |
| 17:48 | Create | Villager (Male) |
| 17:58 | Create | Villager (Male) |
| 18:11 | Build | Monastery |
| 18:12 | Create | Villager (Male) |
| 18:14 | Build | Fish Trap |
| 18:19 | Build | Fish Trap |
| 18:25 | Create | Villager (Male) |
| 18:26 | Create | Villager (Male) |
| 18:26 | Create | Villager (Male) |
| 18:30 | Create | Villager (Male) |
| 18:39 | Build | Outpost |
| 18:46 | Create | Villager (Male) |
| 18:46 | Create | Villager (Male) |
| 18:55 | Build | Siege Workshop |
| 18:58 | Create | Villager (Male) |
| 19:07 | Create | Villager (Male) |
| 19:07 | Create | Villager (Male) |
| 19:07 | Create | Villager (Male) |
| 19:08 | Create | Villager (Male) |
| 19:13 | Create | Monk |
| 19:16 | Create | Villager (Male) |
| 19:18 | Build | House |
| 19:19 | Build | House |
| 19:25 | Build | Fish Trap |
| 19:28 | Create | Fishing Ship |
| 19:33 | Create | Scorpion |
| 19:35 | Create | Villager (Male) |
| 19:35 | Create | Villager (Male) |
| 19:35 | Create | Villager (Male) |
| 19:45 | Build | House |
| 19:46 | Create | Mangonel |
| 19:51 | Build | Outpost |
| 19:53 | Build | Outpost |
| 19:57 | Research | Town Watch |
| 20:00 | Research | Wheelbarrow |
| 20:03 | Create | Fishing Ship |
| 20:07 | Create | Villager (Male) |
| 20:08 | Create | Villager (Male) |
| 20:17 | Create | Villager (Male) |
| 20:21 | Create | Mangonel |
| 20:30 | Create | Villager (Male) |
| 20:37 | Build | Lumber Camp |
| 20:43 | Create | Fishing Ship |
Match timeline
| 2:18 | RoR | Benanji · first_building Dock |
| 3:46 | TAG_Sitaux · first_building Dock |
| 6:48 | TAG_Sitaux · first_building Barracks |
| 7:34 | RoR | Benanji · wall_segment Palisade Wall x1 |
| 7:35 | RoR | Benanji · wall_segment Palisade Wall x1 |
| 8:00 | RoR | Benanji · wall_segment Palisade Wall x4 |
| 9:09 | RoR | Benanji · wall_segment Palisade Wall x1 |
| 9:10 | RoR | Benanji · wall_segment Palisade Wall x1 |
| 10:09 | TAG_Sitaux · age_up feudal |
| 10:22 | TAG_Sitaux · first_building Archery Range |
| 10:32 | RoR | Benanji · wall_segment Palisade Wall x1 |
| 10:33 | RoR | Benanji · wall_segment Palisade Wall x1 |
| 10:35 | RoR | Benanji · wall_segment Palisade Wall x1 |
| 10:37 | RoR | Benanji · wall_segment Palisade Wall x1 |
| 10:40 | RoR | Benanji · wall_segment Palisade Wall x1 |
| 10:43 | RoR | Benanji · wall_segment Palisade Wall x1 |
| 10:44 | RoR | Benanji · wall_segment Palisade Wall x1 |
| 10:44 | RoR | Benanji · wall_segment Palisade Wall x1 |
| 11:08 | RoR | Benanji · wall_segment Palisade Wall x3 |
| 11:09 | RoR | Benanji · wall_segment Palisade Wall x1 |
| 11:43 | TAG_Sitaux · wall_segment Palisade Wall x1 |
| 11:44 | TAG_Sitaux · wall_segment Palisade Wall x1 |
| 11:45 | TAG_Sitaux · wall_segment Palisade Wall x1 |
| 11:45 | TAG_Sitaux · wall_segment Palisade Wall x1 |
| 11:47 | RoR | Benanji · wall_segment Palisade Wall x1 |
| 11:54 | RoR | Benanji · age_up feudal |
| 13:07 | TAG_Sitaux · wall_segment Palisade Wall x4 |
| 13:12 | RoR | Benanji · wall_segment Stone Wall x1 |
| 13:13 | RoR | Benanji · wall_segment Stone Wall x6 |
| 13:18 | RoR | Benanji · wall_segment Stone Wall x6 |
| 14:18 | TAG_Sitaux · wall_segment Palisade Wall x6 |
| 14:21 | TAG_Sitaux · wall_segment Palisade Wall x1 |
| 14:22 | TAG_Sitaux · wall_segment Palisade Wall x5 |
| 14:25 | TAG_Sitaux · wall_segment Palisade Wall x10 |
| 14:29 | TAG_Sitaux · wall_segment Palisade Wall x6 |
| 16:46 | RoR | Benanji · age_up castle |
| 18:11 | RoR | Benanji · first_building Monastery |
| 18:55 | RoR | Benanji · first_building Siege Workshop |
| 19:34 | TAG_Sitaux · age_up castle |
| 19:39 | TAG_Sitaux · first_building Siege Workshop |
| 25:18 | RoR | Benanji · first_building Barracks |
| 26:31 | RoR | Benanji · first_building Stable |
| 27:24 | TAG_Sitaux · first_building Monastery |
| 29:02 | TAG_Sitaux · first_building Castle |
| 29:17 | TAG_Sitaux · wall_segment Palisade Wall x1 |
| 31:26 | TAG_Sitaux · wall_segment Stone Wall x1 |
| 31:46 | TAG_Sitaux · wall_segment Stone Wall x1 |
| 32:06 | RoR | Benanji · first_building Castle |
| 32:08 | TAG_Sitaux · wall_segment Stone Wall x1 |
| 33:02 | RoR | Benanji · first_market_buy 100 food |
| 33:19 | TAG_Sitaux · first_market_sell 100 food |
| 33:28 | TAG_Sitaux · wall_segment Stone Wall x1 |
| 33:41 | TAG_Sitaux · wall_segment Stone Wall x1 |
| 35:12 | RoR | Benanji · resign |
[ AI ANALYSIS · 1 CREDIT ]
What really happened in this match?
Wolo.gg analyzes every decision: build order, eco, micro, common mistakes by bracket. Personalized analysis on WhatsApp or Discord in 30 seconds.
Civ guide
Ethiopians
Perfil
Jugador #212721